 Dungeon Sprint DCSS version 0.26-a0-1026-g544776af23 (webtiles) character file.

Game seed: 9501290549777172803

1227 sahdkjhfkaj the Destroyer (level 8, -15/85 HPs)
             Began as a Black Draconian Fire Elementalist on Dec 9, 2020.
             Was a High Priest of Makhleb.
             Demolished by a jiangshi (23 damage)
             ... summoned by a mummy priest
             ... in the Dungeon (Sprint V: "Ziggurat Sprint").
             The game lasted 00:01:35 (517 turns).

sahdkjhfkaj the Destroyer (DrFE)                     Turns: 517, Time: 00:01:36

Health: -15/85     AC:  6    Str: 11    XL:     8   Next: 23%
Magic:  19/19      EV: 12    Int: 30    God:    Makhleb [*****.]
Gold:   0          SH:  0    Dex: 11    Spells: 16/22 levels left

rFire    . . .     SeeInvis .   B - +7 Screaming Sword {vorpal, sonic wave}
rCold    . . .     Faith    .   (no shield)
rNeg     . . .     Spirit   .   (armour unavailable)
rPois    .         Reflect  .   (helmet restricted)
rElec    +         Harm     .   (no cloak)
rCorr    .         Rampage  .   (no gloves)
Will     .....     NoTele   +   (no boots)
Stlth    ..........             (no amulet)
HPRegen  0.24/turn              T - +6 ring of intelligence
MPRegen  0.16/turn              t - +6 ring of intelligence

@: berserking, studying 2 skills, very quick
A: breathe lightning, unfitting armour, electricity resistance, cold-blooded, AC
+6
a: Breathe Lightning, Minor Destruction, Lesser Servant of Makhleb, Major
Destruction, Greater Servant of Makhleb, Renounce Religion


You were in the Dungeon.
You worshipped Makhleb.
Makhleb was extremely pleased with you.
You visited 1 branch

Inventory:

Hand Weapons
 B - the +7 Screaming Sword (weapon) {vorpal, sonic wave}
   (You found it in the Dungeon)

   It inflicts extra damage upon your enemies.
Jewellery
 r - an uncursed ring of flight
 s - a +6 ring of dexterity
 t - a +6 ring of intelligence (right hand)
 u - a +6 ring of dexterity
 v - a +6 ring of strength
 w - a +6 ring of strength
 T - a +6 ring of intelligence (left hand)
Wands
 x - a wand of disintegration (7)
 y - a wand of iceblast (7) {@v4}
 z - a wand of acid (7) {@v2}
Scrolls
 g - 4 scrolls of blinking {@r4}
 l - 4 scrolls of amnesia
 m - 7 scrolls of fog
 n - a scroll of holy word
 o - 5 scrolls of identify {@r1}
 p - 5 scrolls of remove curse {@r2}
 q - 2 scrolls of fear
 F - a scroll of brand weapon
Potions
 a - 2 potions of brilliance
 b - 10 potions of curing {@q1}
 c - 9 potions of heal wounds {@q2}
 d - 5 potions of haste {@q3}
 e - 6 potions of magic
 f - 2 potions of berserk rage
 h - a potion of invisibility
 i - 3 potions of resistance {@q6}
 j - a potion of experience
 k - 4 potions of might {@q4}
Books
 D - a manual of Axes
 E - a manual of Fighting
Miscellaneous
 A - a lightning rod (4/4)
 C - a condenser vane


   Skills:
 - Level 1.7 Dodging
 - Level 1.7 Stealth
 + Level 7.7 Spellcasting
 * Level 11.6 Conjurations
 * Level 11.6 Fire Magic


You had 16 spell levels left.
You knew the following spells:

 Your Spells              Type           Power        Failure   Level
a - Foxfire               Conj/Fire      ####         1%          1
e - Fireball              Conj/Fire      ######....   1%          5

Your spell library contained the following spells:

 Spells                   Type           Power        Failure   Level
 Conjure Flame            Conj/Fire      ######..     1%          3
 Inner Flame              Hex/Fire       #####...     1%          3
 Sticky Flame             Conj/Fire      ######..     1%          4
 Summon Small Mammal      Summ           ##..         4%          1
 Blink                    Tloc           N/A          7%          2
 Call Imp                 Summ           ##......     7%          2
 Call Canine Familiar     Summ           ##......     13%         3
 Gell's Gravitas          Tloc           ##........   13%         3
 Lesser Beckoning         Tloc           ##........   13%         3
 Summon Guardian Golem    Hex/Summ       ##......     13%         3
 Teleport Other           Tloc           ##......     13%         3
 Passage of Golubria      Tloc           N/A          41%         4
 Summon Ice Beast         Ice/Summ       ##......     41%         4
 Summon Lightning Spire   Summ/Air       ##......     41%         4


Dungeon Overview and Level Annotations

Branches:
Dungeon (1/1)

Altars:
Ashenzari
Cheibriados
Dithmenos
Elyvilon
Fedhas
Gozag
Hepliaklqana
Kikubaaqudgha
Makhleb
Nemelex Xobeh
Okawaru
Qazlal
Ru
Sif Muna
Trog
Uskayaw
Vehumet
Wu Jian
Xom
Yredelemnul
Zin
The Shining One
Beogh
Jiyva
Lugonu

Annotations:
D 1 transporter


Innate Abilities, Weirdness & Mutations

You can breathe wild blasts of lightning.
Your glossy black scales are hard. (AC +6)
You cannot fit into any form of body armour.
You are resistant to electric shocks. (rElec)
You are cold-blooded and may be slowed by cold attacks.


Message History

Okay, then.
You feel much better.
A red film seems to cover your vision as you go berserk!
You feel yourself moving faster!
You feel mighty!
The mummy priest mumbles some strange prayers to its god.
You closely miss the mummy priest.
The mummy priest is severely damaged.
The jiangshi claws you!!
The jiangshi draws strength from your injuries!
The jiangshi claws you!!
* * * LOW HITPOINT WARNING * * *
The jiangshi draws strength from your injuries!
The mummy priest mumbles some strange prayers to its god against you.
Something smites you!
* * * LOW HITPOINT WARNING * * *
The jiangshi claws you.
* * * LOW HITPOINT WARNING * * *
The jiangshi draws strength from your injuries!
The jiangshi claws you!!
You die...

▓▓▓▓▓▓▓▓▓▓▓▓▓▓▓▓▓▓▓
▓..8©8..▓ ▓..)=:..▓
▓..))...▓ ▓.......▓
▓.......▓ ▓...M...▓
▓...MV..▓ ▓.▓.@3▓.▓
▓...©4..▓ ▓▓▓▓▓▓▓▓▓


You could see a mummy priest, a jiangshi (summoned), a hellwing (summoned), a
smoke demon (summoned) and a mummy (summoned).

Vanquished Creatures
  A death scarab (D)
  2 flying skulls (D)
  A crimson imp (D)
  A quasit (D)
  2 orc priests (D)
  3 orc wizards (D)
  5 mummies (D)
  A shadow imp (D)
  An ufetubus (D)
  3 orcs (D)
  A giant cockroach simulacrum (D)
  A jackal skeleton (D)
  A quokka zombie (D)
23 creatures vanquished.

Notes
Turn   | Place    | Note
-------+----------+-------------------------------------------
     0 | D        | sahdkjhfkaj the Draconian Fire Elementalist began the quest
                  | for the Orb.
     0 | D        | Reached XP level 1. HP: 14/14 MP: 3/3
     0 | D        | Found a shimmering blue altar of Sif Muna.
     0 | D        | Found a sacrificial altar of Ru.
     0 | D        | Found a bloodstained altar of Trog.
     0 | D        | Found a stormy altar of Qazlal.
     0 | D        | Found an iron altar of Okawaru.
     0 | D        | Found a sparkling altar of Nemelex Xobeh.
     0 | D        | Found a blossoming altar of Fedhas.
     1 | D        | Found the +6 Majin-Bo {vamp, MP+6 Int+6}
     1 | D        | Found the +9 heavy crossbow "Sniper" {vorpal, Acc+∞ SInv}
     1 | D        | Found the +10 dark maul {vorpal}
     1 | D        | Found the +15 Maxwell's patent armour {-Cast -Tele rElec
                  | Will+ rCorr}
     1 | D        | Found the +18 shield of the Gong {rElec rN+ Will+ EV-5}
     1 | D        | Found the cursed +14 obsidian axe {vorpal, +Fly SInv
                  | *Curse}
     1 | D        | Found the +7 great mace "Firestarter" {inner flame, rF++}
     1 | D        | Found the +6 shillelagh "Devastator" {shatter}
     1 | D        | Found the +11 plutonium sword {*Contam Stlth-}
     1 | D        | Found the +8 lance "Wyrmbane" {slay drac, rPois rF+ rC+
                  | AC+3}
     1 | D        | Found the +9 sword of Zonguldrok {reap}
     1 | D        | Found the cursed +13 scythe of Curses {drain, *Curse}
     1 | D        | Found the +0 sword of Power
     1 | D        | Found the +7 mace of Variability {chain chaos}
     1 | D        | Found the +7 Singing Sword {vorpal, sonic wave}
     1 | D        | Found the +8 storm bow {elec, penet}
     2 | D        | Found a transporter.
     2 | D        | Found an ancient bone altar of Kikubaaqudgha.
     2 | D        | Found a viscous altar of Jiyva.
     2 | D        | Found a corrupted altar of Lugonu.
     2 | D        | Found a hazy altar of Hepliaklqana.
     2 | D        | Found a burning altar of Makhleb.
     2 | D        | Found an opulent altar of Gozag.
    50 | D        | Became a worshipper of Makhleb the Destroyer
    61 | D        | Entered arena 2.
    61 | D        | Found a transporter.
    67 | D        | Reached XP level 2. HP: 20/20 MP: 5/5
    71 | D        | Entered arena 3.
    71 | D        | Found a transporter.
    75 | D        | Reached * piety under Makhleb
    76 | D        | Reached XP level 3. HP: 26/26 MP: 5/7
    77 | D        | Reached skill level 5 in Conjurations
    77 | D        | Reached skill level 5 in Fire Magic
    77 | D        | Reached XP level 4. HP: 33/33 MP: 5/9
    80 | D        | Entered arena 4.
    80 | D        | Noticed a death scarab
    80 | D        | Noticed a flying skull
    80 | D        | Found a transporter.
    84 | D        | Reached ** piety under Makhleb
    85 | D        | Killed a death scarab
    85 | D        | Killed a flying skull
    85 | D        | Reached *** piety under Makhleb
    86 | D        | Reached XP level 5. HP: 32/38 MP: 5/14
    86 | D        | Reached XP level 6. HP: 38/45 MP: 5/16
    86 | D        | Your scales start taking on a glossy black colour.
    86 | D        | Reached XP level 7. HP: 42/50 MP: 5/17
    86 | D        | Gained mutation: You are resistant to electric shocks.
                  | (rElec) [Black Draconian growth]
   171 | D        | Learned a level 5 spell: Fireball
   277 | D        | Entered arena 5.
   277 | D        | Found a transporter.
   281 | D        | Reached **** piety under Makhleb
   434 | D        | Entered arena 6.
   434 | D        | Found a transporter.
   435 | D        | Identified the +7 flail "Tomigh" {vorpal, rF- rC+ Str+3}
   437 | D        | Reached XP level 8. HP: 57/57 MP: 7/19
   509 | D        | Entered arena 7.
   509 | D        | Noticed a flying skull
   509 | D        | Noticed a mummy priest
   510 | D        | Found a transporter.
   511 | D        | Reached ***** piety under Makhleb
   513 | D        | Noticed a jiangshi
   513 | D        | Killed a flying skull
   517 | D        | Noticed a smoke demon
   517 | D        | Noticed a hellwing
   517 | D        | Demolished by a jiangshi

Illustrated notes

Levels and vault maps discovered:
D:        sprint_v [room_start, room_1, room_2, room_3, room_4, room_5, room_6,
          room_7, room_8, room_9, room_10, room_11, room_12, room_13, room_14,
          room_15, room_16, room_17, room_18, room_19, room_20, room_21,
          room_22, room_23, room_24, room_25, room_26, room_27]

Skill      XL: |  1  2  3  4 |
---------------+-------------+-----
Conjurations   | 3 4 5 11 | 11.6
Spellcasting   | 3 7 |  7.7
Fire Magic     | 4 5 11 | 11.6
Dodging        | |  1.7
Stealth        | |  1.7

Action                   |  1- 3 |  4- 6 |  7- 9 || total
-------------------------+-------+-------+-------++-------
Melee: Double sword      |     4 |     2 |     4 ||    10
 Cast: Fireball          |       |       |     7 ||     7
  Use: Potion            |     4 |       |     3 ||     7
 Stab: Sleeping          |     2 |       |       ||     2
       Invisible         |       |     1 |       ||     1
Armor: Skin              |     1 |       |       ||     1
Dodge: Dodged            |     2 |     1 |     6 ||     9
       Rpst.: Double sword |     2 |     1 |     3 ||     6

Table legend: (Time is in decaauts)
 A = Elapsed time spent in this place.
 B = Non-inter-level travel time spent in this place.
 C = Inter-level travel time spent in this place.
 D = Time resting spent in this place.
 E = Time spent auto-exploring this place.
 F = Levels seen in this place.
 G = Mean time per level.
                   A        B        C        D        E       F      G
               +--------+--------+--------+--------+--------+-----+--------+
         Total |    505 |    505 |      0 |    381 |     21 |   1 |  505.0 |
       Dungeon |    505 |    505 |      0 |    381 |     21 |   1 |  505.0 |
               +--------+--------+--------+--------+--------+-----+--------+

Top non-repeatable levels by time:
       D: 505 daAuts
